 Dungeon Crawl Stone Soup version 0.30-a0-782-ge64f9170bb (webtiles) character file.

Game seed: 15476000642440778235

129049 touchme the Marksgargoyle (level 17, -5/120 HPs)
             Began as a Gargoyle Hunter on Feb 27, 2023.
             Was a Priest of Ashenzari.
             Slain by an alligator snapping turtle (31 damage)
             ... on level 3 of the Shoals.
             The game lasted 02:12:48 (24997 turns).

touchme the Marksgargoyle (Gargoyle Hunter)        Turns: 24997, Time: 02:12:49

Health: -5/120     AC: 29    Str: 18    XL:     17   Next: 4%
Magic:  17/17      EV: 29    Int:  9    God:    Ashenzari [***...]
Gold:   1599       SH:  7    Dex: 19    Spells: 7/16 levels left

rFire   . . .      SeeInvis +    v - +7 sling of Winter {heavy, rC++ rN+ rCorr}
rCold   + + .      Faith    .    I - +2 buckler
rNeg    + + .      Spirit   .    N - +0 troll leather armour "Abstinence of Ashenzari" {Regen+, Cun, Evo} (curse)
rPois   ∞          Reflect  .    f - +2 helmet
rElec   +          Harm     .    M - +2 cloak of the Eye in the Sky {Range, Comp} (curse)
rCorr   +          Rampage  .    a - +2 pair of gloves of the Sibylline Welkin {Range, Evo} (curse)
Will    .....      Clarity  +    (no boots)
Stlth   ++                       w - amulet "Mistrust of Ashenzari" {Regen+, Range, Elem} (curse)
HPRegen 2.00/turn                j - ring of Ashenzari's Burden {EV+5, Self, Cun} (curse)
MPRegen 0.15/turn                x - +5 ring of evasion

@: lit by a corona, weak-willed, flying, glowing, studying Stealth
A: sickness immunity, AC +12, big wings, negative energy resistance 1,
electricity resistance, torment resistance 1, petrification resistance
a: Renounce Religion, Curse Item, Shatter the Chains


You were on level 3 of the Shoals.
You worshipped Ashenzari.
Ashenzari was most pleased with you.
You visited 4 branches of the dungeon, and saw 25 of its levels.

You collected 2359 gold pieces.
You spent 760 gold pieces at shops.

Inventory:

Hand Weapons
 g - a +0 spear
 v - the +7 sling of Winter (weapon) {heavy, rC++ rN+ rCorr}
   (You found it on level 2 of the Shoals)

   rC:        It greatly protects you from cold.
   rN:        It protects you from negative energy.
   rCorr:     It protects you from acid and corrosion.
 E - a +3 longbow of freezing
 J - the +8 long sword of Experimentation {pain, rF+ rC+ Str+2}
   (You found it on level 7 of the Dungeon)

   Str:       It affects your strength (+2).
   rF:        It protects you from fire.
   rC:        It protects you from cold.
Missiles
 o - a throwing net
 A - 16 javelins
 P - a curare-tipped dart
Armour
 a - the cursed +2 pair of gloves of the Sibylline Welkin (worn) {Range, Evo}
   (You found it on level 3 of the Lair of Beasts)

   It has a curse which improves the following skills: Ranged Combat: Ranged
   Weapons and Throwing.
   Evocations: Evocations.
 d - a scarf of resistance
 f - a +2 helmet (worn)
 n - a +1 helmet
 I - a +2 buckler (worn)
 M - the cursed +2 cloak of the Eye in the Sky (worn) {Range, Comp}
   (You took it off Maurice on level 10 of the Dungeon)

   It has a curse which improves the following skills: Ranged Combat: Ranged
   Weapons and Throwing.
   Companions: Summonings and Necromancy.
 N - the cursed +0 troll leather armour "Abstinence of Ashenzari" (worn) {Regen+, Cun, Evo}
   (You found it on level 10 of the Dungeon)

   Regen:     It increases your rate of health regeneration.
   It has a curse which improves the following skills: Cunning: Dodging and
   Stealth.
   Evocations: Evocations.
 W - a +0 buckler of positive energy
 Y - a +0 kite shield
Jewellery
 j - the cursed ring of Ashenzari's Burden (left hand) {EV+5, Self, Cun}
   (You found it on level 1 of the Dungeon)

   [ring of evasion]

   EV:        It affects your evasion (+5).
   It has a curse which improves the following skills: Introspection: Fighting
   and Spellcasting.
   Cunning:   Dodging and Stealth.
 w - the cursed amulet "Mistrust of Ashenzari" (around neck) {Regen+, Range, Elem}
   (You found it on level 3 of the Dungeon)

   [amulet of regeneration]

   Regen:     It increases your rate of health regeneration.
   It has a curse which improves the following skills: Ranged Combat: Ranged
   Weapons and Throwing.
   Elements:  Fire Magic, Ice Magic, Air Magic and Earth Magic.
 x - a +5 ring of evasion (right hand)
 C - an amulet of regeneration
 H - a ring of protection from fire
Wands
 r - a wand of polymorph (9)
 K - a wand of light (7)
 L - a wand of paralysis (20)
 O - a wand of digging (10)
 R - a wand of roots (12)
 U - a wand of flame (5)
Scrolls
 b - 7 scrolls of immolation
 h - a scroll of enchant weapon
 i - 2 scrolls of amnesia
 l - 4 scrolls of enchant armour
 s - 5 scrolls of vulnerability
 t - 3 scrolls of fog
 u - 4 scrolls of magic mapping
 y - 20 scrolls of identify
 B - a scroll of poison
 D - 8 scrolls of teleportation
 F - 2 scrolls of torment
 G - 5 scrolls of blinking
 Q - 2 scrolls of silence
 T - a scroll of butterflies
 Z - 2 scrolls of brand weapon
Potions
 e - 8 potions of curing
 k - 3 potions of mutation
 m - 5 potions of might
 p - a potion of magic
 q - 10 potions of ambrosia
 z - 3 potions of cancellation
 S - 2 potions of resistance
Miscellaneous
 c - a phial of floods
 V - a box of beasts


   Skills:
 - Level 17.4(18.9) Fighting
 - Level 17.4(20.4) Ranged Weapons
 - Level 11.9 Armour
 - Level 9.4(11.9) Dodging
 - Level 10.5(13.0) Stealth
 + Level 1.4 Shields
 - Level 8.0 Hexes
 - Level 5.3(6.9) Ice Magic
 - Level 2.6(4.6) Evocations


You had 7 spell levels left.
You knew the following spells:

 Your Spells              Type           Power      Damage    Failure   Level
a - Slow                  Hex            56%        N/A       2%          1
b - Confusing Touch       Hex            14%        N/A       7%          3
c - Ozocubu's Armour      Ice            12%        N/A       11%         3
d - Ensorcelled Hibernat  Hex/Ice        26%        N/A       4%          2

Your spell library contained the following spells:

 Spells                   Type           Power      Damage    Failure   Level
 Tukima's Dance           Hex            14%        N/A       7%          3
 Summon Guardian Golem    Hex/Summ       7%         N/A       34%         3
 Necrotise                Necr           0%         1d4       52%         1
 Shock                    Conj/Air       0%         1d3       52%         1
 Magic Dart               Conj           0%         1d3       54%         1
 Sting                    Tmut/Pois      0%         1d3       54%         1
 Call Imp                 Summ           0%         N/A       65%         2
 Scorch                   Fire           0%         2d5       65%         2
 Poisonous Vapours        Pois/Air       0%         N/A       67%         2
 Static Discharge         Conj/Air       0%         2-2/arc   67%         2
 Wereblood                Tmut           0%         N/A       67%         2
 Anguish                  Hex/Necr       3%         N/A       75%         4
 Swiftness                Air            0%         N/A       87%         3
 Vampiric Draining        Necr           0%         2d6       87%         3
 Ignite Poison            Fire/Tmut/Pois 0%         N/A       88%         3
 Mephitic Cloud           Conj/Pois/Air  0%         N/A       88%         3
 Spider Form              Tmut/Pois      0%         N/A       88%         3
 Vhi's Electric Charge    Tloc/Air       0%         N/A       88%         3
 Yara's Violent Unravell  Hex/Tmut       3%         3d4       98%         5
 Airstrike                Air            0%         2d(0-16)  99%         4
 Animate Armour           Summ/Erth      0%         N/A       99%         4
 Flame Wave               Conj/Fire      0%         2d4       99%         4
 Olgreb's Toxic Radiance  Pois           0%         N/A       99%         4
 Sticky Flame             Conj/Fire      0%         2d3       99%         4
 Agony                    Necr           0%         N/A       100%        5
 Arcjolt                  Conj/Air       0%         1d10      100%        5
 Blade Hands              Tmut           0%         N/A       100%        5
 Fireball                 Conj/Fire      0%         3d3       100%        5
 Iskenderun's Battlesphe  Conj           0%         2d6       100%        5
 Lightning Bolt           Conj/Air       0%         1d11      100%        5
 Conjure Ball Lightning   Conj/Air       0%         3x3d6     100%        6
 Iron Shot                Conj/Erth      0%         9d1       100%        6
 Simulacrum               Ice/Necr       3%         N/A       100%        6
 Summon Cactus Giant      Summ           0%         N/A       100%        6
 Enfeeble                 Hex            7%         N/A       100%        7
 Orb of Destruction       Conj           0%         9d5       100%        7
 Ozocubu's Refrigeration  Ice            6%         4d8       100%        7
 Summon Hydra             Summ           0%         N/A       100%        7
 Borgnjor's Revivificati  Necr           0%         N/A       100%        8
 Ignition                 Fire           0%         3d3       100%        8
 Maxwell's Capacitive Co  Air            0%         ∞         100%        8
 Sublimation of Blood     Necr           Unusable   N/A       N/A         2

Dungeon Overview and Level Annotations

Branches:
Dungeon (15/15)            Temple (0/1) D:6            Lair (5/5) D:11
 Shoals (3/4) Lair:3        Snake (0/4) Lair:3        Slime (0/5) Lair:4
    Orc (2/2) D:9             Elf (0/3) Orc:2        Vaults (0/5) D:14
 Depths (0/4) D:15

Altars:
Ashenzari
Elyvilon
Gozag
Hepliaklqana
Makhleb
Nemelex Xobeh
Ru
Sif Muna
Trog
Uskayaw
Vehumet
Xom
Jiyva

Shops:
D:5 !   D:15 *   Orc:2 :!(*(   Shoals:1 *

Annotations:
D:5 1 runed translucent door, Crazy Yiuf
D:9 exclusion: upstairs
Lair:4 4 runed translucent doors, Hoingum's ghost, journeyman DsNe
Shoals:3 Polyphemus


Innate Abilities, Weirdness & Mutations

You are immune to sickness and miasma.
Your stone body is resilient. (AC +12)
You are immune to poison.
Your large and strong wings let you fly.
You resist negative energy. (rN+)
You are resistant to electric shocks. (rElec)
You are resistant to unholy torment.
You are immune to petrification.


Message History

The sling bullet hits the alligator snapping turtle!
The alligator snapping turtle is heavily wounded.
Fire: v) +7 sling of Winter {heavy, rC++ rN+ rCorr}
Press: ? - help, Q - select action, (/) - cycle Shift-Dir - straight line, f/p - alligator snapping turtle
Aim: an alligator snapping turtle (heavily wounded, 95% to hit)
You shoot a sling bullet.
The sling bullet hits the alligator snapping turtle!
The alligator snapping turtle is heavily wounded.
The alligator snapping turtle misses you.
Fire: v) +7 sling of Winter {heavy, rC++ rN+ rCorr}
Press: ? - help, Q - select action, (/) - cycle Shift-Dir - straight line, f/p - alligator snapping turtle
Aim: an alligator snapping turtle (heavily wounded, 95% to hit)
You shoot a sling bullet.
The sling bullet barely misses the alligator snapping turtle.
The sling bullet hits the faun!!
The faun is heavily wounded.
The alligator snapping turtle bites you from afar!!
* * * LOW HITPOINT WARNING * * *
Okay, then.
You feel much better.
The alligator snapping turtle completely misses you.
The faun shoots a sling bullet.
The sling bullet completely misses you.
Fire: v) +7 sling of Winter {heavy, rC++ rN+ rCorr}
Press: ? - help, Q - select action, (/) - cycle Shift-Dir - straight line, f/p - alligator snapping turtle
Aim: an alligator snapping turtle (heavily wounded, 95% to hit)
You shoot a sling bullet.
The sling bullet hits the alligator snapping turtle!
The alligator snapping turtle is severely wounded.
The faun shoots a sling bullet.
You block the sling bullet.
The alligator snapping turtle bites you from afar!!
* * * LOW HITPOINT WARNING * * *
Fire: v) +7 sling of Winter {heavy, rC++ rN+ rCorr}
Press: ? - help, Q - select action, (/) - cycle Shift-Dir - straight line, f/p - alligator snapping turtle
Aim: an alligator snapping turtle (heavily wounded, 95% to hit)
You shoot a sling bullet.
The sling bullet hits the alligator snapping turtle.
The alligator snapping turtle is severely wounded.
The faun shoots a sling bullet.
The sling bullet barely misses you.
The alligator snapping turtle bites you from afar!!
You die...

...~~≈≈≈≈≈≈≈≈≈≈≈ ≈≈≈≈≈≈≈≈≈≈≈≈≈
~~~~≈≈≈≈≈≈≈≈≈≈≈≈≈≈≈≈≈≈≈≈≈≈≈≈≈≈≈≈≈
~~≈≈≈≈≈≈≈≈≈≈≈≈≈≈≈≈≈≈≈≈≈≈≈≈≈≈≈≈≈≈≈
~~~≈≈≈≈≈≈≈≈≈≈≈≈≈≈≈≈≈≈≈≈≈≈≈≈≈≈≈≈≈≈
~~~~≈≈≈≈≈≈≈≈≈≈≈~~~~~≈≈≈≈≈≈≈≈≈≈≈≈≈
.~~~≈≈≈≈≈≈≈≈≈≈~~~~~~~≈≈≈≈≈≈≈≈≈≈≈≈
.~~~≈≈≈≈≈≈≈≈≈~~~~~~~~~≈≈≈≈≈≈≈≈≈≈≈
#.~~≈≈≈≈≈≈≈≈≈~~..)c~~~≈≈≈≈≈≈≈≈≈≈≈
.~~≈≈≈≈≈≈≈≈≈≈~~.@.c~~~~≈≈≈≈≈≈≈≈≈≈
~~~≈≈≈≈≈≈≈≈≈≈~~.##t.~~~≈≈≈≈≈≈≈≈≈≈
~~≈≈≈≈≈≈≈≈≈≈≈≈~.##.~~~~≈≈≈≈≈≈≈≈≈≈
≈≈≈≈≈≈≈≈~~≈≈≈≈~##.~~~≈≈≈≈≈≈≈≈≈≈≈≈
≈≈≈≈≈≈~~~~~≈≈≈~#...~~~≈≈≈≈≈≈≈≈≈≈≈
≈≈≈≈≈≈~~~~~≈≈~......~~≈≈≈≈≈≈≈≈≈≈≈
≈≈≈≈≈≈≈≈≈~~≈≈≈~####c~~≈≈≈≈≈≈≈≈≈≈≈
≈≈≈≈≈≈≈≈≈~~≈≈≈)* ##.c~≈≈≈≈≈≈≈≈≈≈≈
≈≈≈≈≈≈≈≈ ~≈≈ #..c~~≈≈≈≈≈≈≈≈≈≈≈


You could see an alligator snapping turtle and 2 fauns.

Vanquished Creatures
  Rupert (Lair:4)
  The ghost of Zetag the Bludgeoner, an adept DsFi of Ru (Shoals:2)
  An ettin (D:15)
  3 merfolk impalers
  2 merfolk javelineers
  4 vault guards (D:14)
  Erolcha (D:10)
  8 hydras
  5 centaur warriors
  A rakshasa (D:15)
  2 ogre magi
  12 death yaks
  2 boulder beetles (D:12)
  A merfolk aquamancer (Shoals:1)
  2 catoblepae
  A tengu warrior (D:15)
  A deep troll shaman (Lair:5)
  A satyr (Shoals:2)
  13 two-headed ogres
  3 orc high priests
  Amaemon (Lair:1)
  Urug (Lair:3)
  6 skysharks
  4 sea snakes
  A deep troll (D:15)
  2 wizards (D:15)
  5 harpies
  4 lindwurms
  4 deep elf pyromancers
  7 orc knights
  Pikel (D:6)
  8 ugly things
  12 manticores
  4 orc sorcerers
  5 fauns
  12 cyclopes
  4 elephants
  A black mamba (shapeshifter) (D:15)
  2 merfolk sirens (Shoals:2)
  6 black mambas
  2 water nymphs (Shoals:3)
  Maurice (D:10)
  An unseen horror (shapeshifter) (D:14)
  2 gargoyles
  4 komodo dragons
  2 unseen horrors
  3 torpor snails
  15 cane toads
  An orange demon (Lair:2)
  2 rime drakes
  A tengu conjurer (D:15)
  3 efreet
  A queen bee (D:15)
  6 meliai
  16 merfolk
  A hornet (shapeshifter) (D:13)
  A hornet (D:9)
  8 trolls
  3 polar bears
  19 blink frogs
  10 dream sheep
  8 snapping turtles
  3 shadows
  Sigmund (D:5)
  5 slime creatures
  7 wraiths
  57 yaks
  7 humans (D:14)
  4 water elementals
  3 wyverns
  A basilisk (D:13)
  A vampire (D:11)
  A steam dragon (D:8)
  9 vampire mosquitoes
  7 wargs
  5 acid dragons
  3 nagas (Lair:3)
  9 water moccasins
  A water moccasin (shapeshifter) (D:15)
  4 black bears
  24 orc warriors
  An ice beast (D:7)
  A sky beast (D:3)
  8 ogres
  24 centaurs
  13 wolves
  A lemure (D:6)
  3 phantoms
  11 bullfrogs
  4 kobold brigands
  4 necrophages
  3 scorpions
  A gnoll sergeant (D:8)
  10 wights
  27 killer bees
  8 electric eels
  2 howler monkeys (D:6)
  5 hounds
  3 jellies
  19 orc priests
  23 orc wizards
  5 iguanas
  A boggart simulacrum (D:15)
  7 gnolls
  9 adders
  A shadow imp (D:7)
  A worm (D:3)
  3 dart slugs
  78 orcs
  8 endoplasms
  3 giant cockroaches
  5 goblins
  3 hobgoblins
  4 jackals (D:3)
  3 quokkas
  9 ball pythons
  5 bats
  3 frilled lizards
  30 kobolds
  3 rats
769 creatures vanquished.

Vanquished Creatures (others)
  A human (D:14)
  An orc (D:8)
  11 fungi
  34 plants
47 creatures vanquished.

Grand Total: 816 creatures vanquished

Notes
Turn   | Place    | Note
-------+----------+-------------------------------------------
     0 | D:1      | touchme the Gargoyle Hunter began the quest for the Orb.
     0 | D:1      | Reached XP level 1. HP: 12/12 MP: 1/1
   113 | D:1      | Reached XP level 2. HP: 17/17 MP: 2/2
   640 | D:2      | Reached skill level 5 in Ranged Weapons
   640 | D:2      | Reached XP level 3. HP: 21/21 MP: 3/3
   921 | D:2      | Found a broken altar of Ashenzari.
  1118 | D:2      | Reached XP level 4. HP: 26/26 MP: 4/4
  1285 | D:2      | Became a worshipper of Ashenzari the Shackled
  1581 | D:3      | Noticed a sky beast
  1854 | D:3      | Found a faded altar of an unknown god.
  1898 | D:2      | Identified a scroll of acquirement
  1898 | D:2      | Acquired a manual of Stealth
  2048 | D:3      | Found a radiant altar of Vehumet.
  2193 | D:3      | Killed a sky beast
  2194 | D:3      | Reached XP level 5. HP: 30/30 MP: 5/5
  2380 | D:4      | Reached XP level 6. HP: 33/35 MP: 6/6
  2419 | D:4      | Reached skill level 5 in Stealth
  2628 | D:4      | Found a hazy altar of Hepliaklqana.
  2688 | D:4      | Reached XP level 7. HP: 40/40 MP: 7/7
  3053 | D:5      | Entered Level 5 of the Dungeon
  3057 | D:5      | Noticed Sigmund
  3246 | D:5      | Found a runed translucent door.
  3247 | D:5      | Noticed Crazy Yiuf
  3646 | D:5      | Killed Sigmund
  3770 | D:5      | Reached XP level 8. HP: 45/45 MP: 8/8
  3851 | D:5      | Found a broken altar of Ashenzari.
  3966 | D:5      | Found a white marble altar of Elyvilon.
  4016 | D:5      | Found Wotry's Distillery.
  4117 | D:5      | Bought a potion of heal wounds for 70 gold pieces
  4117 | D:5      | Bought a potion of lignification for 42 gold pieces
  4573 | D:6      | Noticed Pikel
  4604 | D:6      | Killed Pikel
  4605 | D:6      | Reached skill level 10 in Stealth
  4671 | D:6      | Reached skill level 10 in Ranged Weapons
  4711 | D:6      | Found a staircase to the Ecumenical Temple.
  4795 | D:6      | Reached XP level 9. HP: 49/49 MP: 9/9
  4947 | D:6      | Reached * piety under Ashenzari
  4947 | D:6      | Reached ** piety under Ashenzari
  5030 | D:6      | Found a burning altar of Makhleb.
  5111 | D:6      | Found a sparkling altar of Nemelex Xobeh.
  5771 | D:7      | Identified the +8 long sword of Experimentation {pain, rF+
                  | rC+ Str+2}
  6120 | D:7      | Found a shimmering altar of Xom.
  6637 | D:8      | Found a hide-covered altar of Uskayaw.
  6866 | D:8      | Reached XP level 10. HP: 50/56 MP: 10/10
  7170 | D:9      | Found a staircase to the Orcish Mines.
  7272 | D:9      | Found a sacrificial altar of Ru.
  7489 | D:9      | Reached skill level 1 in Armour
  7563 | D:9      | Reached *** piety under Ashenzari
  7858 | D:9      | Noticed a two-headed ogre
  8058 | D:9      | Killed a two-headed ogre
  8143 | D:8      | Reached XP level 11. HP: 64/64 MP: 11/11
  8175 | D:8      | Noticed a cyclops
  8175 | D:8      | Noticed a boulder beetle
  8270 | D:8      | HP: 1/64 [efreet/fireball (32)]
  8539 | D:8      | Killed a cyclops
  8540 | D:8      | Reached skill level 5 in Fighting
  8690 | D:8      | Noticed a green ugly thing
  8775 | D:10     | Entered Level 10 of the Dungeon
  8782 | D:10     | Noticed Maurice
  8799 | D:10     | Killed Maurice
  8913 | D:10     | Found an opulent altar of Gozag.
  8933 | D:10     | Noticed a two-headed ogre
  8942 | D:10     | Killed a two-headed ogre
  9032 | D:10     | Noticed a brown ugly thing
  9060 | D:10     | Killed a brown ugly thing
  9061 | D:10     | Reached skill level 5 in Armour
  9077 | D:10     | Noticed a centaur warrior
  9077 | D:10     | Identified Irghuotas's Volume of the Maleficium and Misery
  9077 | D:10     | Identified the +1 broad axe "Buor" {venom, Int+2}
  9080 | D:10     | Noticed an orc knight
  9113 | D:10     | Killed an orc knight
  9126 | D:10     | Killed a centaur warrior
  9127 | D:10     | Identified the Cyclopedia of the Brume
  9200 | D:10     | Noticed Erolcha
  9302 | D:10     | Killed Erolcha
  9303 | D:10     | Reached skill level 5 in Dodging
  9620 | D:10     | Learned a level 1 spell: Slow
  9687 | D:10     | Found a shimmering blue altar of Sif Muna.
 10162 | D:11     | Reached skill level 1 in Hexes
 10162 | D:11     | Reached XP level 12. HP: 76/76 MP: 12/12
 10246 | D:11     | Reached **** piety under Ashenzari
 10307 | D:11     | Noticed a two-headed ogre
 10399 | D:11     | Killed a two-headed ogre
 10401 | D:11     | Found a staircase to the Lair.
 10778 | D:11     | Noticed a two-headed ogre
 10785 | D:11     | Killed a two-headed ogre
 11155 | Lair:1   | Entered Level 1 of the Lair of Beasts
 12428 | Lair:2   | Noticed a seven-headed hydra
 12445 | Lair:2   | Killed a seven-headed hydra
 12458 | Lair:2   | Noticed Amaemon
 12482 | Lair:2   | Paralysed by Amaemon for 5 turns
 12496 | Lair:1   | Killed Amaemon
 12497 | Lair:1   | Reached XP level 13. HP: 26/84 MP: 13/13
 12588 | Lair:2   | Identified the +6 scale mail of Makhleb's Vengeance {rPois
                  | rF- Regen+}
 12662 | Lair:2   | Reached skill level 10 in Fighting
 13139 | Lair:2   | Reached skill level 10 in Armour
 13164 | Lair:3   | Found a staircase to the Shoals.
 13319 | Lair:3   | Found a staircase to the Snake Pit.
 13394 | Lair:3   | Noticed Urug
 13408 | Lair:3   | Killed Urug
 14136 | Lair:4   | Reached skill level 5 in Hexes
 14310 | Lair:4   | Gained mutation: Your large and strong wings let you fly.
                  | [Gargoyle growth]
 14310 | Lair:4   | Reached XP level 14. HP: 61/92 MP: 14/14
 14453 | Lair:4   | Noticed Rupert
 14487 | Lair:4   | Paralysed by Rupert for 3 turns
 14491 | Lair:4   | Killed Rupert
 14595 | Lair:4   | Found a runed translucent door.
 14595 | Lair:4   | Found a viscous altar of Jiyva.
 14595 | Lair:4   | Noticed an acid blob
 14596 | Lair:4   | Found a staircase to the Slime Pits.
 14596 | Lair:4   | Noticed an acid blob
 14711 | Lair:4   | Found a runed translucent gate.
 14711 | Lair:4   | Found a runed translucent gate.
 14711 | Lair:4   | Found a runed translucent gate.
 14720 | Lair:4   | Noticed Hoingum's ghost (journeyman DsNe)
 14968 | Lair:4   | Reached skill level 15 in Ranged Weapons
 15520 | Lair:5   | Entered Level 5 of the Lair of Beasts
 15689 | Lair:5   | Learned a level 3 spell: Confusing Touch
 15878 | Lair:5   | Found a bloodstained altar of Trog.
 17173 | D:12     | Reached XP level 15. HP: 97/97 MP: 15/15
 17187 | D:12     | Reached skill level 1 in Evocations
 17734 | Orc:1    | Entered Level 1 of the Orcish Mines
 17887 | Orc:2    | Entered Level 2 of the Orcish Mines
 18218 | Orc:2    | Found Pigh's Weapon Boutique.
 18322 | Orc:2    | Found a staircase to the Elven Halls.
 18418 | Orc:2    | Paralysed by an orc sorcerer for 2 turns
 18910 | Orc:2    | Found Muluero's General Store.
 18910 | Orc:2    | Found Nudeidin's Book Boutique.
 18912 | Orc:2    | Found Udoumiam's Weapon Emporium.
 18912 | Orc:2    | Found Hinkohoy's Distillery.
 18927 | Orc:2    | Bought Ozocubu's Autobiography for 360 gold pieces
 18931 | Orc:2    | Learned a level 3 spell: Ozocubu's Armour
 19098 | Orc:1    | Reached skill level 1 in Ice Magic
 21103 | D:14     | Reached skill level 5 in Ice Magic
 21127 | D:14     | Identified the +1 plate armour "Qeles" {*Slow rF+++ rN+
                  | SInv}
 21160 | D:14     | Found a gate to the Vaults.
 21204 | D:15     | Entered Level 15 of the Dungeon
 21263 | D:15     | Reached XP level 16. HP: 101/108 MP: 16/16
 21527 | D:15     | Found Mecuca's Neck Hole.
 21564 | D:15     | Found a staircase to the Depths.
 21640 | D:15     | Reached skill level 15 in Fighting
 21932 | D:15     | Found a white marble altar of Elyvilon.
 22164 | Shoals:1 | Entered Level 1 of the Shoals
 22297 | Shoals:1 | Found Makke's General Store.
 22299 | Shoals:1 | Found Faag's Specific Store.
 22309 | Shoals:1 | Bought a book of Dreams for 288 gold pieces
 22312 | Shoals:1 | Learned a level 2 spell: Ensorcelled Hibernation
 23338 | Shoals:2 | Noticed Polyphemus
 23788 | Shoals:2 | Found a runed translucent door.
 23791 | Shoals:2 | Identified the +7 sling of Winter {heavy, rC++ rN+ rCorr}
 23792 | Shoals:2 | Noticed Zetag's ghost (adept DsFi)
 23952 | Shoals:2 | Killed Zetag's ghost
 23953 | Shoals:2 | Reached XP level 17. HP: 92/120 MP: 17/17
 24843 | Shoals:3 | Reached skill level 1 in Shields
 24997 | Shoals:3 | Slain by an alligator snapping turtle

Illustrated notes

Levels and vault maps discovered:
D:1:      lightli_iron_boxes, layout_basic, minmay_misc_feat_enclosed,
          amcnicky_mini_pool_small, minivault_19, item_on_display_a
D:2:      layout_loops_ring, basic_altar, kennysheep_generic_room_12
D:3:      layout_basic, mainiacjoe_overflow_alcove_4,
          hellmonk_ecumenical_altar_zigzags
D:4:      layout_gridville, nicolae_hepliaklqana_hazy_memory
D:5:      layout_rooms, mainiacjoe_overflow_chevrons,
          lemuel_coloured_pillars_altar, serial_shops,
          nicolae_inconvenience_store, chequers_arboretum,
          hangedman_decor_peaks_small, uniq_crazy_yiuf_cottage, uniq_sigmund
D:6:      layout_cave_pods, mainiacjoe_overflow_six_doors_small,
          nemelex_dance_club_becter, minmay_temple_entry_slanted,
          minmay_door_square, uniq_pikel
D:7:      minmay_inner_zag, layout_loops_ring, tgw_xom
D:8:      minmay_klotski, layout_basic, eat_drink_and_be_merry_uskayaw
D:9:      layout_stronghold, mainiacjoe_overflow_catwalk,
          kennysheep_slug_shrine, minmay_orc_entry_guard_dogs
D:10:     minmay_the_grid_four_pointed_star
          [minmay_the_grid_triangle_9x9_limited_checkers,
          minmay_the_grid_triangle_9x9_sprig,
          minmay_the_grid_triangle_9x9_descending_squares,
          minmay_the_grid_triangle_9x9_intruding_spiral,
          minmay_the_grid_prize_diamond_cup], layout_long_grid,
          mainiacjoe_overflow_boulevard, general_overflow_altar,
          serial_bayou_pond_d, uniq_maurice, uniq_erolcha
D:11:     layout_long_grid, erik_lair_island
D:12:     layout_loops_corners, kennysheep_generic_room_15
D:13:     layout_stronghold
D:14:     layout_long_grid, ximxim_vaults_locker_room, serial_park_tiny_pond
D:15:     hangedman_depths_entry_civil_slaughter, layout_cave_pools,
          special_room [special_room_bee], nicolae_elyvilon_temple_path,
          nicolae_shop_sticking_my_neck_out
Lair:1:   layout_cave_pods, grunt_megastairs_2
Lair:2:   layout_gridlike, grunt_megastairs_5, serial_bayou_shore_a,
          uniq_amaemon
Lair:3:   layout_roguey, minmay_shoals_entry_centaurs,
          guppyfry_snake_entry_island, infiniplex_staircase_pool, uniq_urug
Lair:4:   nzn_winding_woodlands_stair_cross [nzn_winding_woodlands_5x15_pool,
          nzn_winding_woodlands_center_triple_pond,
          nzn_winding_woodlands_5x15_river_crossing,
          nzn_winding_woodlands_5x5_default, nzn_winding_woodlands_5x5_three,
          nzn_winding_woodlands_5x15_split_checker,
          nzn_winding_woodlands_center_pierced_h,
          nzn_winding_woodlands_5x15_sidewinder], layout_regular_city,
          slime_entry_2, maelrawn_ghost_gauntlet_escape, st_stairs_8,
          chequers_serial_rivers_micro_a, minmay_hedge_maze, uniq_rupert
Lair:5:   grunt_lair_end_beastmaster, layout_misc_corridors,
          lemuel_centaur_altar, lemuel_fruit_tree, grunt_megastairs_1
Shoals:1: layout_shoals, nicolae_specific_store
Shoals:2: layout_shoals, ebering_ghost_inner_flame, uniq_polyphemus
Shoals:3: layout_shoals, nicolae_shoals_stone_sculpture_thing
Orc:1:    layout_caves
Orc:2:    grunt_orc_tribal_feast, layout_diamond_mine, serial_shops,
          nicolae_shop_trees

Skill      XL: |  1  2  3  4  5  6  7  8  9 10 11 12 13 14 15 16 17 |
---------------+----------------------------------------------------+-----
Ranged Weapons | 5 6 7 8 10 12 14 17 | 17.4
Stealth        | 3 4 6 8 10 | 10.5
Armour         | 3 7 9 10 11 | 11.9
Dodging        | 3 5 7 8 9 |  9.4
Fighting       | 4 7 9 10 13 17 | 17.4
Hexes          | 1 3 7 8 |  8.0
Evocations     | 2 |  2.6
Ice Magic      | 5 |  5.3
Shields        | 1 |  1.4

Action                     |  1- 3 |  4- 6 |  7- 9 | 10-12 | 13-15 | 16-18 || total
---------------------------+-------+-------+-------+-------+-------+-------++-------
  Melee: Spear             |       |     7 |       |       |       |       ||     7
   Fire: Shortbow          |    79 |   122 |   412 |  1139 |       |       ||  1752
         Longbow           |       |       |       |    25 |  1551 |   672 ||  2248
         Sling             |       |       |       |       |       |    75 ||    75
   Cast: Slow              |       |       |       |     5 |     3 |       ||     8
         Ozocubu's Armour  |       |       |       |       |     3 |     3 ||     6
         Confusing Touch   |       |       |       |       |     2 |       ||     2
         Ensorcelled Hiber |       |       |       |       |       |     1 ||     1
 Invoke: Curse Item        |       |       |     2 |     3 |     2 |       ||     7
         Shatter the Chain |       |       |       |     1 |       |     1 ||     2
  Evoke: Wand              |       |       |       |     5 |     2 |       ||     7
    Use: Scroll            |       |    12 |     3 |    10 |     2 |     4 ||    31
         Potion            |       |     2 |     2 |     5 |     1 |     2 ||    12
 Armour: Leather armour    |     8 |    20 |    61 |    40 |       |       ||   129
         Troll leather arm |       |       |       |   153 |   186 |   140 ||   479
         Plate armour      |       |       |       |       |    17 |       ||    17
  Dodge: Dodged            |    21 |    77 |   171 |   631 |   702 |   449 ||  2051
  Block: Buckler           |       |       |       |       |       |    18 ||    18

Table legend: (Time is in decaauts)
 A = Elapsed time spent in this place.
 B = Non-inter-level travel time spent in this place.
 C = Inter-level travel time spent in this place.
 D = Time resting spent in this place.
 E = Time spent auto-exploring this place.
 F = Levels seen in this place.
 G = Mean time per level.
                   A        B        C        D        E       F      G
               +--------+--------+--------+--------+--------+-----+--------+
         Total |  24191 |  21922 |   2269 |    703 |  15220 |  25 |  967.6 |
       Dungeon |  15058 |  13629 |   1429 |    502 |   9620 |  15 | 1003.9 |
          Lair |   5453 |   4749 |    704 |     73 |   3325 |   5 | 1090.6 |
        Shoals |   2150 |   2067 |     83 |     86 |   1253 |   3 |  716.7 |
  Orcish Mines |   1529 |   1478 |     51 |     42 |   1022 |   2 |  764.5 |
               +--------+--------+--------+--------+--------+-----+--------+

Top non-repeatable levels by time:
  Lair:4: 1361 daAuts
    D:10: 1342 daAuts
     D:5: 1325 daAuts
    D:11: 1263 daAuts
     D:9: 1235 daAuts
     D:7: 1203 daAuts
  Lair:2: 1172 daAuts
  Lair:1: 1135 daAuts
Shoals:2: 1092 daAuts
   Orc:2: 1073 daAuts
    D:12: 1040 daAuts
     D:6: 970 daAuts
     D:8: 944 daAuts
    D:13: 941 daAuts
    D:14: 932 daAuts
